 Dungeon Crawl Stone Soup version 0.19.1-1-g22dce08 (webtiles) character file.

830 esteth the Protected (level 7, -1/57 HPs)
             Began as a Minotaur Fighter on Jan 1, 2017.
             Killed from afar by an orc wizard (5 damage)
             ... with a magic dart
             ... on level 4 of the Dungeon.
             The game lasted 00:10:37 (4492 turns).

esteth the Protected (Minotaur Fighter)             Turns: 4492, Time: 00:10:38

Health: -1/57      AC:  7    Str: 23    XL:     7   Next: 65%
Magic:  6/6        EV:  7    Int:  5    God:
Gold:   189        SH:  9    Dex:  9    Spells: 0 memorised, 6 levels left

rFire  . . .     SeeInvis +     B - -2 mace (curse)
rCold  . . .     Gourm    +     b - +1 scale mail
rNeg   . . .     Faith    .     c - +0 shield
rPois  .         Spirit   .     (helmet restricted)
rElec  .         Reflect  .     (no cloak)
rCorr  .         Harm     .     (no gloves)
MR     .....                    (no boots)
Stlth  ..........               z - amulet of the gourmand
                                u - ring of see invisible
                                A - -2 ring of protection (curse)

@: drained
A: retaliatory headbutt, horns 2
a: no special abilities


You were on level 4 of the Dungeon.
You were very full.

You visited 1 branch of the dungeon, and saw 4 of its levels.

You collected 189 gold pieces.

Inventory:

Hand Weapons
 a - a +0 war axe
 h - a +1 mace of protection
 B - a cursed -2 mace (weapon)
Armour
 b - a +1 scale mail (worn)
 c - a +0 shield (worn)
Jewellery
 r - an uncursed ring of positive energy
 s - an uncursed amulet of harm
 u - a ring of see invisible (right hand)
 v - an uncursed ring of resist corrosion
 y - an uncursed ring of wizardry
 z - an amulet of the gourmand (around neck)
 A - a cursed -2 ring of protection (left hand)
Scrolls
 e - 2 scrolls of teleportation
 g - 2 scrolls of identify
Potions
 d - 2 potions of might
 j - a potion of ambrosia
 k - a potion of berserk rage {unknown}
 l - 2 potions of heal wounds {unknown}
 n - a potion of flight {unknown}
 o - 3 potions of lignification {unknown}
 p - a potion of mutation {unknown}
 t - 2 potions of haste {unknown}
 x - a potion of resistance {unknown}
 C - a potion of brilliance {unknown}
Comestibles
 f - 4 bread rations
 i - 2 meat rations
 m - a fruit
 q - a beef jerky


   Skills:
 - Level 3.6(3.5) Fighting
 - Level 7.6(7.5) Axes
 + Level 8.2(8.1) Armour
 - Level 3.6(3.5) Shields


You had 6 spell levels left.
You didn't know any spells.

Dungeon Overview and Level Annotations

Branches:
Dungeon (4/15)
 Temple: D:4-7

Altars:
Trog
Yredelemnul


Innate Abilities, Weirdness & Mutations

You reflexively headbutt those who attack you in melee.
You have a pair of horns on your head.


Message History

The orc wizard gestures wildly while chanting.
The orc wizard blinks!
The orc priest hits you but does no damage.
Your shield prevents you from hitting the orc priest.
You headbutt the orc priest!
The orc priest is almost dead.
You block the orc wizard's attack. The orc priest barely misses you.
You block the orc wizard's attack.
You sock the orc priest!
You kill the orc priest!
The orc wizard hits you with a dagger.
* * * LOW HITPOINT WARNING * * *
You block the orc wizard's attack.
The orc wizard points at you and mumbles some strange words.
The magic dart hits you!
* * * LOW HITPOINT WARNING * * *
You see here a hand axe.
The orc wizard casts a spell at you. The magic dart hits you!
You die...

*#..##......# #######
**...*#......# #
**,#.,*#..#..## ##* ****#
***,**,*##..#.## #.* *#....
*,,,,*,*#..#*.# #.#######....#
****,,,,#..#*,* ##...........*
***,,.....,* ###....#######.#
*** **,......###.o..### #.# *,*
**,,,*#...@)....## ##..
*,***,,,,*##....)....### ##...
**,*,,,,,**#...###.....####....
*,,,,,,,......# ##.##.........
*,***,,..###..#**#.#####......
**,***<#** ##..,,..# ##.....
*,**,,* *#..,>?.# #...##.
*,**,,* **..#*##.##*##.###..
**,,,,,****,,** *#....#..##...


You could see an orc wizard.

Vanquished Creatures
  The ghost of markt42 the Cudgeler, a novice GrFi (D:4)
  An ogre (D:4)
  The ghost of PinkishYellow the Chopper, an amateur DsBe of Trog (D:3)
  A scorpion (D:4)
  A howler monkey (D:4)
  Crazy Yiuf (D:4)
  An orc priest (D:4)
  2 orc wizards (D:4)
  2 worker ants (D:4)
  2 hound skeletons (D:4)
  Robin (D:4)
  3 adders
  2 adder skeletons (D:4)
  3 worms
  2 leopard geckos (D:2)
  7 orcs
  3 giant cockroaches
  16 goblins
  11 hobgoblins
  4 jackals (D:2)
  3 quokkas
  8 bats
  3 frilled lizards
  4 kobolds
  11 rats
  A fungus (D:4)
95 creatures vanquished.

Notes
Turn   | Place    | Note
-------+----------+-------------------------------------------
     0 | D:1      | esteth the Minotaur Fighter began the quest for the Orb.
     0 | D:1      | Reached XP level 1. HP: 19/19 MP: 0/0
   398 | D:1      | Reached XP level 2. HP: 26/26 MP: 1/1
  1071 | D:2      | Reached XP level 3. HP: 31/31 MP: 2/2
  1159 | D:2      | Found a basalt altar of Yredelemnul.
  1186 | D:2      | Found a faded altar of an unknown god.
  1997 | D:3      | Reached skill level 5 in Axes
  2261 | D:3      | Reached XP level 4. HP: 31/39 MP: 3/3
  2320 | D:3      | Noticed PinkishYellow's ghost (amateur DsBe)
  2386 | D:3      | Killed PinkishYellow's ghost
  2386 | D:3      | Reached XP level 5. HP: 12/45 MP: 4/4
  2716 | D:3      | Noticed a moth of wrath
  2719 | D:3      | Found a bloodstained altar of Trog.
  2957 | D:4      | Noticed an ogre
  2962 | D:4      | Killed an ogre
  3031 | D:4      | Reached XP level 6. HP: 24/51 MP: 5/5
  3217 | D:4      | Noticed Robin
  3235 | D:4      | Killed Robin
  3390 | D:4      | Reached skill level 4 in Armour
  3399 | D:4      | Noticed markt42's ghost (novice GrFi)
  3421 | D:4      | Killed markt42's ghost
  3421 | D:4      | Reached skill level 6 in Armour
  3421 | D:4      | Reached XP level 7. HP: 9/57 MP: 6/6
  3798 | D:4      | Reached skill level 7 in Armour
  3880 | D:4      | Found a runed door.
  3884 | D:4      | Noticed Crazy Yiuf
  3897 | D:4      | Killed Crazy Yiuf
  4479 | D:4      | Reached skill level 8 in Armour
  4492 | D:4      | Killed from afar by an orc wizard

Skill      XL: |  1  2  3  4  5  6  7 |
---------------+----------------------+-----
Axes           | 3 4 5 6 7 |  7.6
Armour         | 6 8 |  8.2
Fighting       | |  3.6
Shields        | |  3.6

Action                   |  1- 3 |  4- 6 |  7- 9 || total
-------------------------+-------+-------+-------++-------
Melee: War axe           |   134 |    85 |    31 ||   250
       Headbutt          |    15 |    12 |    17 ||    44
       Mace              |       |       |    38 ||    38
  Use: Scroll            |     4 |       |     5 ||     9
  Eat: Chunk             |     4 |    12 |     2 ||    18
       Fruit             |       |     1 |       ||     1
Armor: Scale mail        |    59 |    22 |    16 ||    97
Dodge: Dodged            |    39 |    18 |    24 ||    81
Block: Shield            |    61 |    40 |    30 ||   131
